 Dungeon Crawl Stone Soup version 0.29.0-4-gdea44cf6ec (webtiles) character file.

Game seed: 3816025058166809760

589 Flugkiller the Chopper (level 7, -4/61 HPs)
             Began as a Minotaur Fighter on Aug 27, 2022.
             Was a Follower of Cheibriados.
             Killed by nerve-wracking pain
             ... invoked by Menkaure
              (5 damage)
             ... on level 4 of the Dungeon.
             The game lasted 00:01:52 (4251 turns).

Flugkiller the Chopper (Minotaur Fighter)           Turns: 4251, Time: 00:01:52

Health: -4/61      AC:  8    Str: 23    XL:     7   Next: 15%
Magic:  6/6        EV:  9    Int:  7    God:    Cheibriados [*.....]
Gold:   260        SH:  5    Dex: 13    Spells: 6/6 levels left

rFire   + . .      SeeInvis .   a - +0 war axe
rCold   + . .      Faith    +   y - +0 buckler
rNeg    . . .      Spirit   .   b - +0 scale mail
rPois   .          Reflect  .   (helmet restricted)
rElec   .          Harm     .   r - +0 cloak
rCorr   .          Rampage  .   (no gloves)
Will    .....                   (no boots)
Stlth   ..........              x - amulet of faith
HPRegen 0.20/turn               f - ring of protection from fire
MPRegen 0.10/turn               c - ring of protection from cold

@: very slow
A: horns 2, retaliatory headbutt
a: Renounce Religion, Bend Time


You were on level 4 of the Dungeon.
You worshipped Cheibriados.
Cheibriados was aware of your devotion.
You visited 1 branch of the dungeon, and saw 4 of its levels.
You also visited: Sewer.

You collected 260 gold pieces.

Inventory:

Hand Weapons
 a - a +0 war axe (weapon)
Missiles
 h - 4 boomerangs (quivered)
 i - 2 javelins
Armour
 b - a +0 scale mail (worn)
 r - a +0 cloak (worn)
   (You found it on level 1 of the Dungeon)
 y - a +0 buckler (worn)
Jewellery
 c - a ring of protection from cold (right hand)
   (You found it on level 4 of the Dungeon)
 f - a ring of protection from fire (left hand)
   (You found it on level 3 of the Dungeon)
 s - an amulet of the acrobat
   (You found it on level 3 of the Dungeon)
 x - an amulet of faith (around neck)
   (You found it on level 4 of the Dungeon)
Wands
 v - a wand of quicksilver (3)
   (You found it on level 3 of the Dungeon)
Scrolls
 e - 4 scrolls of teleportation {unknown}
 g - a scroll of silence {unknown}
 k - a scroll of enchant weapon {unknown}
 o - 4 scrolls of identify {unknown}
 p - a scroll of vulnerability {unknown}
 t - a scroll of noise {unknown}
 u - a scroll of brand weapon {unknown}
Potions
 d - 2 potions of might
 j - a potion of mutation {unknown}
 l - 2 potions of degeneration {unknown}
 m - a potion of lignification {unknown}
 n - 3 potions of flight
 q - 4 potions of curing
 w - a potion of invisibility {unknown}


   Skills:
 + Level 5.4 Fighting
 * Level 6.4 Axes
 - Level 2.3 Throwing
 + Level 5.5 Armour
 + Level 1.0 Dodging
 - Level 3.6 Shields
 + Level 1.0 Invocations


You had 6 spell levels left.
You didn't know any spells.
Your spell library was empty.

Dungeon Overview and Level Annotations

Branches:
Dungeon (4/15)              Sewer (visited)
 Temple: D:4-7

Altars:
Cheibriados
Dithmenos
Makhleb
Nemelex Xobeh
Ru
Sif Muna
Xom
Zin

Shops:
D:1 :

Annotations:
D:3 1 runed translucent door, p0werm0de's ghost, amateur MiFi
D:4 Menkaure


Innate Abilities, Weirdness & Mutations

You have a pair of horns on your head.
You reflexively headbutt those who attack you in melee.


Message History

No target in view!
No target in view!
x - an amulet of faith Really put on
x - an amulet of faith?
You start removing your amulet.
You continue taking off your amulet of the acrobat. x4
You finish taking off your amulet of the acrobat.
You start putting on your amulet.
You continue putting on your amulet of faith. x5
You finish putting on your amulet of faith.
You feel a surge of divine interest.
x - an amulet of faith (around neck) Unknown command.
c - a ring of protection from cold;
y - a +0 buckler (worn)
Found 3 stones.
You see here 3 stones.
A ball python comes into view.
The ball python moves out of view.
The ball python barely misses you. You block the ball python's attack.
You hit the ball python.
The ball python is moderately wounded.
The ball python barely misses you. The ball python grabs you.
The ball python constricts you. You block the ball python's attack.
The ball python constricts you.
You hit the ball python.
You kill the ball python!
Cheibriados appreciates the change of pace.
c - a ring of protection from cold (right hand) Unknown command.
You see here a +0 club.
Found a whip.
There is a stone staircase leading down here.
Found a stone staircase leading up.
There is a stone staircase leading up here.
Found 6 stones.
You see here 6 stones.
A jelly comes into view.
You block the jelly's attack.
You slash the jelly! The acid corrodes you!
Your hands burn!
You headbutt the jelly.
The jelly is almost dead.
The jelly hits you but does no damage.
You hit the jelly.
You kill the jelly!
Cheibriados thoroughly appreciates the change of pace.
Your Dodging skill increases to level 1!
Your Invocations skill increases to level 1!
No target in view!
No target in view!
No target in view!
No target in view!
No target in view!
No target in view!
No target in view!
HP restored.
You are no longer corroded.
A quokka comes into view.
A quokka is nearby!
A quokka is nearby!
A quokka is nearby!
You hit the quokka.
The quokka is heavily wounded.
The quokka bites you but does no damage.
You hit the quokka.
You kill the quokka!
Cheibriados appreciates the change of pace.
No target in view!
No target in view!
No target in view!
No target in view!
No target in view!
No target in view!
No target in view!
No target in view!
No target in view!
No target in view!
Menkaure, Prince of Dust comes into view.
Menkaure shouts!
Menkaure gestures wildly while chanting.
Menkaure seems to speed up.
Menkaure is nearby!
You slash Menkaure!
Menkaure is moderately damaged.
Menkaure calls on the powers of darkness!
Your body is wracked with pain!
Menkaure hits you.
You hit Menkaure. You headbutt Menkaure!
Menkaure is severely damaged.
You block Menkaure's attack.
You hit Menkaure.
Menkaure is almost destroyed.
Menkaure hits you!!
* * * LOW HITPOINT WARNING * * *
Menkaure hits you!
* * * LOW HITPOINT WARNING * * *
You hit Menkaure but do no damage.
You headbutt Menkaure, but do no damage.
Menkaure is almost destroyed.
Menkaure gestures at you while chanting.
Pain shoots through your body!
You die...

.# #.#.#.##.#.# #.
.# #.#.#.##.#.#
.####.#.#.##.#.#
.##...#.#.##.#.###
.#........##.#.#..
....###......#.#.##
_..## #......# ...
...# #......#
#M########## .#.#
#.######
#@#....#...# .#.#
### #......#.#.#
.#.# #####........#
.#†# #.....#......#
.#.######
#.###.#.##.#.#
..........
#.#......#
.#.#######
#.####.###.# #....
#..........# .....#
######.######


You could see Menkaure (fast).

Vanquished Creatures
  A black bear (D:3)
  A kobold brigand (Sewer)
  3 wights (D:4)
  A jelly (D:4)
  2 iguanas
  An orc wizard (D:3)
  A gnoll (D:1)
  4 adders
  3 river rats
  An ufetubus (D:4)
  A worm (D:3)
  A dart slug (D:2)
  3 orcs
  12 bats
  10 endoplasms
  2 giant cockroaches
  8 goblins
  6 hobgoblins
  A jackal (Sewer)
  5 quokkas
  8 ball pythons
  4 frilled lizards
  10 kobolds
  13 rats
102 creatures vanquished.

Vanquished Creatures (others)
  2 plants (D:2)
2 creatures vanquished.

Grand Total: 104 creatures vanquished

Notes
Turn   | Place    | Note
-------+----------+-------------------------------------------
     0 | D:1      | Flugkiller the Minotaur Fighter began the quest for the
                  | Orb.
     0 | D:1      | Reached XP level 1. HP: 19/19 MP: 0/0
    53 | D:1      | Reached skill level 3 in Axes
    53 | D:1      | Reached XP level 2. HP: 21/27 MP: 1/1
   430 | D:1      | Reached XP level 3. HP: 33/33 MP: 2/2
   631 | D:1      | Found Gukoiv's Book Shoppe.
  1077 | D:2      | Reached skill level 4 in Axes
  1117 | D:2      | Reached XP level 4. HP: 35/40 MP: 3/3
  2065 | D:3      | Reached skill level 1 in Throwing
  2065 | D:3      | Reached XP level 5. HP: 15/47 MP: 4/4
  2416 | D:3      | Found a runed translucent door.
  2419 | D:3      | Noticed p0werm0de's ghost (amateur MiFi)
  2715 | D:3      | Noticed a black bear
  2726 | D:3      | Killed a black bear
  2727 | D:3      | Reached skill level 5 in Axes
  3005 | D:4      | Reached skill level 5 in Armour
  3005 | D:4      | Reached XP level 6. HP: 55/55 MP: 5/5
  3012 | D:4      | Reached skill level 5 in Fighting
  3185 | D:4      | Found a sacrificial altar of Ru.
  3187 | D:4      | Found a shadowy altar of Dithmenos.
  3189 | D:4      | Found a burning altar of Makhleb.
  3189 | D:4      | Found a shimmering altar of Xom.
  3189 | D:4      | Found a glowing silver altar of Zin.
  3189 | D:4      | Found a snail-covered altar of Cheibriados.
  3189 | D:4      | Found a shimmering blue altar of Sif Muna.
  3190 | D:4      | Found a sparkling altar of Nemelex Xobeh.
  3217 | D:4      | Became a worshipper of Cheibriados the Contemplative
  3446 | D:4      | Reached skill level 6 in Axes
  3543 | D:4      | Found a glowing drain.
  3552 | Sewer    | Entered a sewer
  3560 | Sewer    | Reached * piety under Cheibriados
  3713 | Sewer    | Reached XP level 7. HP: 33/61 MP: 6/6
  3869 | Sewer    | Found a white marble altar of Elyvilon.
  4226 | D:4      | Reached skill level 1 in Dodging
  4226 | D:4      | Reached skill level 1 in Invocations
  4246 | D:4      | Noticed Menkaure
  4250 | D:4      | HP: 1/61 [Menkaure (10)]
  4251 | D:4      | Killed from afar by Menkaure

Illustrated notes

Levels and vault maps discovered:
D:1:      evilmike_arrival_fibonacci_small, layout_basic, serial_shops,
          shop_fountains
D:2:      layout_basic, serial_bayou_pond_a, minmay_pentomino_q4
D:3:      layout_loops_ring, ebering_ghost_reflecting_pool
D:4:      layout_basic, grunt_temple_overflow_open, portal_sewer_entry_b,
          uniq_menkaure

Skill      XL: |  1  2  3  4  5  6  7 |
---------------+----------------------+-----
Axes           | 3 4 5 6 |  6.4
Armour         | 4 5 |  5.5
Fighting       | 4 5 |  5.4
Throwing       | 1 2 |  2.3
Dodging        | 1 |  1.0
Invocations    | 1 |  1.0
Shields        | |  3.6

Action                   |  1- 3 |  4- 6 |  7- 9 || total
-------------------------+-------+-------+-------++-------
Melee: War axe           |    87 |   138 |    10 ||   235
       Headbutt          |     5 |    18 |     3 ||    26
Armor: Scale mail        |    62 |    63 |     2 ||   127
Dodge: Dodged            |    41 |    65 |     3 ||   109
Block: Buckler           |    23 |    26 |     4 ||    53
